 Dungeon Crawl Stone Soup version 0.23.2-30-g0e89c35649 (webtiles) character file.

Game seed: 6350725382520896786

772 1994 the Grave Robber (level 7, -4/53 HPs)
             Began as a Mummy Necromancer on June 22, 2019.
             Slain by an unseen horror (6 damage)
             ... on level 5 of the Dungeon.
             The game lasted 00:23:15 (5620 turns).

1994 the Grave Robber (Mummy Necromancer)           Turns: 5620, Time: 00:23:15

Health: -4/53      AC:  4    Str: 11    XL:     7   Next: 53%
Magic:  5/15       EV: 12    Int: 17    God:
Gold:   199        SH:  0    Dex: 12    Spells: 12/17 levels left

rFire    . . .     SeeInvis .   b - +0 rapier
rCold    + . .     Gourm    .   (no shield)
rNeg     + + +     Faith    .   n - +2 robe {rF+}
rPois    ∞         Spirit   .   (no helmet)
rElec    .         Reflect  .   (no cloak)
rCorr    .         Harm     .   (no gloves)
MR       .....                  (no boots)
Stlth    ++........             (no amulet)
HPRegen  0.17/turn              (no ring)
MPRegen  0.14/turn              (no ring)

@: no status effects
A: no food or potions, fire vulnerability, cold resistance 1, negative energy
resistance 3, torment resistance, unbreathing
a: no special abilities


You were on level 5 of the Dungeon.
You were not hungry.

You visited 1 branch of the dungeon, and saw 5 of its levels.

You collected 199 gold pieces.

Inventory:

Hand Weapons
 a - a +1 dagger of venom
 b - a +0 rapier (weapon)
 l - a +0 hunting sling
 q - a +2 dire flail of draining
Missiles
 d - 73 stones (quivered)
 k - 73 sling bullets
Armour
 n - a +2 robe of fire resistance (worn)
Jewellery
 g - an uncursed ring of ice
Wands
 o - a wand of digging (6)
 p - a wand of flame (24)
Scrolls
 c - 2 scrolls of amnesia
 e - 3 scrolls of identify
 f - 2 scrolls of enchant armour
 h - 3 scrolls of remove curse
 i - 2 scrolls of teleportation
 j - a scroll of magic mapping
 m - a scroll of immolation
 r - a scroll of fog {unknown}


   Skills:
 + Level 3.9 Fighting
 - Level 1.6 Dodging
 - Level 1.5 Stealth
 + Level 5.6 Spellcasting
 * Level 7.2 Necromancy


You had 12 spell levels left.
You knew the following spells:

 Your Spells              Type           Power        Failure   Level  Hunger
a - Pain                  Necr           ####         1%          1    N/A
b - Animate Skeleton      Necr           N/A          1%          1    N/A
c - Vampiric Draining     Necr           ####......   1%          3    N/A

Your spell library contained the following spells:

 Spells                   Type           Power        Failure   Level  Hunger
 Animate Dead             Necr           N/A          7%          4    N/A
 Regeneration             Chrm/Necr      Unusable     N/A         3    N/A

Dungeon Overview and Level Annotations

Branches:
Dungeon (5/15)
 Temple: D:4-7

Altars:
Dithmenos
Makhleb
Nemelex Xobeh
Qazlal
Wu Jian
Yredelemnul

Annotations:
D:4 Dowan, Duvessa


Innate Abilities, Weirdness & Mutations

You do not eat or drink.
Your flesh is vulnerable to fire.
You are immune to poison.
Your flesh is cold resistant. (rC+)
You are immune to negative energy. (rN+++)
You are immune to unholy pain and torment.
You can survive without breathing.


Message History

Unknown command.
Unknown command.
Something hits you.
* * * LOW HITPOINT WARNING * * *
Unknown command.
Unknown command.
Something hits you!
* * * LOW HITPOINT WARNING * * *
Unknown command.
Unknown command.
Something hits you.
* * * LOW HITPOINT WARNING * * *
Unknown command.
Unknown command.
Casting: Vampiric Draining (safe; 1% risk of failure)
Confirm with . or Enter, or press ? or * to list all spells.
Aiming: Vampiric Draining (safe; 1% risk of failure)
Press: ? - help, Shift-Dir - straight line There's nothing close enough!
Something hits you.
You die...

:
#.†##....#<...#....#####
#.# #..#%..###.##.####
#..# #.#[......)...#
..##..##.#.###.##.#.####
...........# #.##.#....#
# .####......#
#.##.####.# #
######5###.##.####.#####
#..##.##.#.........
##@##.##.#....#####
#.......#....# #..
#..#.##......# #.# ....
........# #..
##...##......###..
.....######.##.... ##
#..# #.##.##. ..#
#.....#. ###....


You could see a shadow imp.

Vanquished Creatures
  Sigmund (D:2)
  Eustachio (D:4)
  A scorpion (D:5)
  4 hounds
  Jessica (D:2)
  2 worker ants (D:4)
  A hound skeleton (D:4)
  6 adders
  4 worms
  2 dart slugs
  5 leopard geckos
  2 orcs (D:3)
  3 ball pythons
  6 bats
  A giant cockroach (D:1)
  2 gnoll zombies (D:3)
  7 hobgoblins
  4 jackals (D:1)
  2 kobolds
  3 quokkas
  5 frilled lizards
  10 goblins
  A jackal skeleton (D:4)
  A leopard gecko zombie (D:3)
  6 rats
81 creatures vanquished.

Vanquished Creatures (collateral kills)
  Blork the orc (D:4)
1 creature vanquished.

Grand Total: 82 creatures vanquished

Notes
Turn   | Place    | Note
-------+----------+-------------------------------------------
     0 | D:1      | 1994 the Mummy Necromancer began the quest for the Orb.
     0 | D:1      | Reached XP level 1. HP: 13/13 MP: 4/4
   701 | D:1      | Reached XP level 2. HP: 19/19 MP: 0/5
  1070 | D:2      | Noticed Jessica
  1076 | D:2      | Killed Jessica
  1076 | D:2      | Reached skill level 1 in Fighting
  1076 | D:2      | Reached XP level 3. HP: 26/26 MP: 2/7
  1215 | D:2      | Found a sparkling altar of Nemelex Xobeh.
  1707 | D:2      | Reached XP level 4. HP: 28/32 MP: 1/9
  1780 | D:2      | Learned a level 3 spell: Vampiric Draining
  1820 | D:2      | Reached skill level 5 in Necromancy
  2353 | D:2      | Noticed Sigmund
  2363 | D:2      | Killed Sigmund
  2363 | D:2      | Reached XP level 5. HP: 24/39 MP: 2/11
  2511 | D:2      | Found a stormy altar of Qazlal.
  2696 | D:2      | Found a faded altar of an unknown god.
  2762 | D:2      | Learned a level 1 spell: Animate Skeleton
  2965 | D:3      | Reached XP level 6. HP: 34/46 MP: 5/12
  3061 | D:3      | Found an ornate altar of the Wu Jian Council.
  3062 | D:3      | Found a shadowy altar of Dithmenos.
  3395 | D:3      | Reached skill level 6 in Necromancy
  3784 | D:3      | Found a basalt altar of Yredelemnul.
  4023 | D:3      | Found a shadowy altar of Dithmenos.
  4025 | D:3      | Found an ornate altar of the Wu Jian Council.
  4324 | D:3      | Found a basalt altar of Yredelemnul.
  4658 | D:4      | Found a burning altar of Makhleb.
  4658 | D:4      | Noticed a green death
  4661 | D:4      | Noticed an orange demon
  4661 | D:4      | Noticed a neqoxec
  4685 | D:4      | Noticed Blork the orc
  4694 | D:4      | Killed Blork the orc
  4892 | D:4      | Reached skill level 5 in Spellcasting
  4972 | D:4      | Noticed Eustachio
  5026 | D:4      | Killed Eustachio
  5026 | D:4      | Reached XP level 7. HP: 29/52 MP: 1/15
  5028 | D:4      | Reached skill level 7 in Necromancy
  5311 | D:4      | Noticed Duvessa
  5311 | D:4      | Noticed Dowan
  5433 | D:5      | Entered Level 5 of the Dungeon
  5619 | D:5      | HP: 2/53 [something (4)]
  5620 | D:5      | Slain by an unseen horror

Skill      XL: |  1  2  3  4  5  6  7 |
---------------+----------------------+-----
Spellcasting   | 3 4 5 |  5.6
Fighting       | 1 2 3 |  3.9
Necromancy     | 5 6 7 |  7.2
Dodging        | |  1.6
Stealth        | |  1.5

Action                   |  1- 3 |  4- 6 |  7- 9 || total
-------------------------+-------+-------+-------++-------
Melee: Dagger            |     7 |    40 |     4 ||    51
       Long sword        |       |    12 |       ||    12
       Falchion          |       |     2 |       ||     2
       Rapier            |       |       |    12 ||    12
Throw: Stone             |     1 |     7 |     1 ||     9
 Cast: Pain              |    53 |   103 |    11 ||   167
       Vampiric Draining |       |     6 |     3 ||     9
       Animate Skeleton  |       |     4 |       ||     4
  Use: Scroll            |       |     6 |       ||     6
 Stab: Sleeping          |     1 |       |       ||     1
Armor: Leather armour    |     1 |     5 |       ||     6
       Robe              |       |     8 |     6 ||    14
Dodge: Dodged            |     9 |    40 |    12 ||    61
       Rpst.: Long sword |       |     2 |       ||     2
